 Dungeon Crawl Stone Soup version 0.25.0-9-g26727b657a (webtiles) character file.

Game seed: 11046714513121667129

604 gruber the Quickloader (level 7, -4/40 HPs)
             Began as a Kobold Hunter on June 17, 2020.
             Slain by a sky beast (6 damage)
             ... on level 5 of the Dungeon.
             The game lasted 00:02:24 (3800 turns).

gruber the Quickloader (Kobold Hunter)              Turns: 3800, Time: 00:02:25

Health: -4/40      AC:  7    Str: 15    XL:     7   Next: 70%
Magic:  7/7        EV: 12    Int: 17    God:
Gold:   236        SH:  0    Dex: 15    Spells: 6/6 levels left

rFire    + . .     SeeInvis .   a - +1 hand crossbow
rCold    . . .     Gourm    .   (shield restricted)
rNeg     . . .     Faith    .   w - +1 scale mail "Fik Yzaf" {rF+ Int+4} (curse)
rPois    .         Spirit   .   (no helmet)
rElec    .         Reflect  .   (no cloak)
rCorr    .         Harm     .   (no gloves)
MR       .....                  (no boots)
Stlth    +.........             v - amulet of Fewiumoe {Acrobat Str+4 Stlth+}
HPRegen  0.13/turn              (no ring)
MPRegen  0.10/turn              m - ring of flight

@: no status effects
A: small, carnivore
a: Evoke Flight


You were on level 5 of the Dungeon.
You were very full.

You visited 1 branch of the dungeon, and saw 5 of its levels.

You collected 236 gold pieces.

Inventory:

Hand Weapons
 a - a +1 hand crossbow (weapon)
 b - a +0 short sword
Missiles
 d - 8 bolts (quivered)
Armour
 w - the cursed +1 scale mail "Fik Yzaf" (worn) {rF+ Int+4}
   (You found it on level 4 of the Dungeon)

   It affects your intelligence (+4).
   It protects you from fire.
   It has a curse placed upon it.
Jewellery
 e - an uncursed ring of ice
 m - a ring of flight (right hand)
 v - the amulet of Fewiumoe (around neck) {Acrobat Str+4 Stlth+}
   (You found it on level 4 of the Dungeon)

   [amulet of the acrobat]

   It helps you evade while moving and waiting.
   It affects your strength (+4).
   It makes you more stealthy.
Wands
 t - a wand of random effects (2)
Scrolls
 g - 2 scrolls of teleportation {unknown}
 h - a scroll of fear {unknown}
 i - a scroll of blinking {unknown}
 j - 7 scrolls of identify {unknown}
 l - 3 scrolls of remove curse {unknown}
 n - a scroll of enchant weapon {unknown}
 o - a scroll of magic mapping {unknown}
 r - a scroll of fog {unknown}
 x - a scroll of amnesia {unknown}
Potions
 k - 2 potions of degeneration {unknown}
 p - 2 potions of resistance {unknown}
 q - a potion of flight {unknown}
 s - a potion of curing {unknown}
 u - 3 potions of berserk rage {unknown}
Comestibles
 f - 8 rations


   Skills:
 - Level 2.1 Fighting
 - Level 1.0 Short Blades
 * Level 10.3 Crossbows
 - Level 2.4 Dodging
 - Level 1.3 Stealth
 + Level 0.2 Evocations


You had 6 spell levels left.
You didn't know any spells.
Your spell library was empty.

Dungeon Overview and Level Annotations

Branches:
Dungeon (5/15)
 Temple: D:4-7

Altars:

Shops:
D:4 [%:


Innate Abilities, Weirdness & Mutations

You are small and have problems with some larger weapons.
You are carnivorous and can eat meat at any time.


Message History

You shoot a bolt. The orc shouts!
The bolt hits the orc!!
You kill the orc!
You hear a shout!
You hear an angry hiss.
An orc comes into view. It is quivering 2 silver boomerangs.
Something hits you but does no damage.
You hear a shout!
Firing (i - inventory)
d - 9 bolts (quivered)
Press: ? - help, Shift-Dir - straight line, f - orc
Aim: an orc You shoot a bolt.
The bolt hits the orc.
The orc is severely wounded.
The orc hits you.
* * * LOW HITPOINT WARNING * * *
The orc throws a silver boomerang.
The silver boomerang barely misses you.
The weapon returns to the orc!
Something hits you.
* * * LOW HITPOINT WARNING * * *
Something shocks you.
You die...

##### .
##...#....
#.@.......
.......o{......
...............
..........(....
##..##.o...(...
#.. .......o(.
... .......(..
.. ..###.#.o.(


You could see 4 orcs.

Vanquished Creatures
  Sigmund (D:4)
  2 ogres (D:4)
  2 hounds
  A bullfrog skeleton (D:4)
  Jessica (D:3)
  An iguana (D:4)
  2 worker ants (D:4)
  4 adders
  An ooze (D:3)
  3 worms
  3 leopard geckos (D:4)
  5 orcs
  4 giant cockroaches
  6 goblins
  6 hobgoblins
  4 quokkas
  A ball python (D:2)
  4 bats
  4 frilled lizards (D:2)
  3 kobolds
  A quokka skeleton (D:4)
  8 rats
67 creatures vanquished.

Notes
Turn   | Place    | Note
-------+----------+-------------------------------------------
     0 | D:1      | gruber the Kobold Hunter began the quest for the Orb.
     0 | D:1      | Reached XP level 1. HP: 12/12 MP: 1/1
   133 | D:1      | Reached skill level 1 in Short Blades
   448 | D:1      | Reached skill level 5 in Crossbows
   667 | D:1      | Reached XP level 2. HP: 17/17 MP: 2/2
  1219 | D:2      | Reached XP level 3. HP: 21/21 MP: 3/3
  1281 | D:2      | Reached skill level 6 in Crossbows
  1973 | D:3      | Reached XP level 4. HP: 26/26 MP: 4/4
  2223 | D:3      | Reached skill level 7 in Crossbows
  2394 | D:3      | Noticed Jessica
  2396 | D:3      | Killed Jessica
  2396 | D:3      | Reached XP level 5. HP: 30/30 MP: 5/5
  3012 | D:4      | Noticed an ogre
  3015 | D:4      | Killed an ogre
  3015 | D:4      | Reached skill level 8 in Crossbows
  3015 | D:4      | Reached XP level 6. HP: 35/35 MP: 6/6
  3049 | D:4      | Reached skill level 9 in Crossbows
  3319 | D:4      | Found Hegagovy's Food Boutique.
  3389 | D:4      | Got a coiled tin amulet
  3395 | D:4      | Reached XP level 7. HP: 40/40 MP: 7/7
  3402 | D:4      | Got a heavily runed scale mail
  3413 | D:4      | Identified the cursed +1 scale mail "Fik Yzaf" {rF+ Int+4}
                  | (You found it on level 4 of the Dungeon)
  3414 | D:4      | Identified the amulet of Fewiumoe {Acrobat Str+4 Stlth+}
                  | (You found it on level 4 of the Dungeon)
  3434 | D:4      | Found Puddiely's Book Emporium.
  3580 | D:4      | Found Wetiquv's Antique Armour Shop.
  3637 | D:4      | Noticed Sigmund
  3642 | D:4      | Killed Sigmund
  3642 | D:4      | Reached skill level 10 in Crossbows
  3787 | D:5      | Entered Level 5 of the Dungeon
  3800 | D:5      | HP: 2/40 [something (4)]
  3800 | D:5      | Slain by a sky beast

Illustrated notes

Levels and vault maps discovered:
D:1:      saegor_arrival_simple_b, layout_basic, item_on_display_a
D:2:      layout_basic, first_ration
D:3:      layout_basic, uniq_jessica
D:4:      layout_rooms, serial_shops, nicolae_shop_crystal,
          kennysheep_mini_moat, nicolae_shop_behind_doors,
          hangedman_decor_diamond_cutter, uniq_sigmund
D:5:      layout_rooms, gup_sewer_entry_pipe, uniq_blork_the_orc

Skill      XL: |  1  2  3  4  5  6  7 |
---------------+----------------------+-----
Short Blades   | 1 |  1.0
Crossbows      | 5 6 7 8 9 10 | 10.3
Fighting       | |  2.1
Dodging        | |  2.4
Stealth        | |  1.3
Evocations     | |  0.2

Action                   |  1- 3 |  4- 6 |  7- 9 || total
-------------------------+-------+-------+-------++-------
Melee: Short sword       |     8 |       |       ||     8
 Fire: Hand crossbow     |    70 |    90 |    22 ||   182
Evoke: Wand              |       |       |     4 ||     4
 Stab: Sleeping          |     1 |       |       ||     1
  Eat: Chunk             |    11 |     5 |       ||    16
Armor: Leather armour    |     9 |     4 |       ||    13
       Scale mail        |       |       |     3 ||     3
Dodge: Dodged            |    21 |    33 |     9 ||    63
